 Dungeon Crawl Stone Soup version 0.28.0-45-g0d030f2227 (webtiles) character file.

Game seed: 6628143983838374048

513 pkoi the Gusty (level 6, -1/47 HPs)
             Began as a Demigod Air Elementalist on Apr 25, 2022.
             Killed from afar by an orc wizard (7 damage)
             ... with a puff of flame
             ... on level 5 of the Dungeon.
             The game lasted 00:07:22 (8189 turns).

pkoi the Gusty (Demigod Air Elementalist)           Turns: 8189, Time: 00:07:23

Health: -1/47      AC:  2    Str:  9    XL:     6   Next: 66%
Magic:  7/12       EV: 12    Int: 25    God:
Gold:   180        SH:  0    Dex: 14    Spells: 3/9 levels left

rFire   . . .      SeeInvis .   g - +0 dagger (venom)
rCold   . . .      Faith    .   (no shield)
rNeg    . . .      Spirit   .   a - +0 robe
rPois   .          Reflect  .   (no helmet)
rElec   .          Harm     .   (no cloak)
rCorr   .          Rampage  .   (no gloves)
Will    .....                   (no boots)
Stlth   ++........              (no amulet)
HPRegen 0.15/turn               (no ring)
MPRegen 0.13/turn               (no ring)

@: no status effects
A: high MP 1, forlorn, divine attributes
a: no special abilities


You were on level 5 of the Dungeon.
You visited 1 branch of the dungeon, and saw 5 of its levels.

You collected 180 gold pieces.

Inventory:

Hand Weapons
 c - a +0 mace
 d - a +0 short sword of protection
 g - a +0 dagger of venom (weapon)
 k - a +1 dagger of electrocution
 n - a +0 whip
Armour
 a - a +0 robe (worn)
Wands
 j - a wand of iceblast (7)
 s - a wand of acid (9)
Scrolls
 b - a scroll of identify
 e - a scroll of fear
 h - a scroll of magic mapping
 l - 2 scrolls of teleportation
 m - a scroll of vulnerability {unknown}
 r - a scroll of silence {unknown}
Potions
 f - a potion of degeneration {unknown}
 i - a potion of might {unknown}
 o - a potion of flight
 p - 2 potions of curing {unknown}
 q - a potion of haste {unknown}
 t - a potion of attraction {unknown}


   Skills:
 + Level 1.2 Fighting
 + Level 2.3 Dodging
 - Level 1.7 Stealth
 + Level 2.2 Spellcasting
 - Level 0.8 Conjurations
 + Level 6.5 Air Magic
 + Level 1.2 Evocations


You had 3 spell levels left.
You knew the following spells:

 Your Spells              Type           Power      Damage    Failure   Level
a - Shock                 Conj/Air       84%        1d8       2%          1
b - Swiftness             Air            35%        N/A       2%          3
c - Static Discharge      Conj/Air       21%        N/A       3%          2

Your spell library contained the following spells:

 Spells                   Type           Power      Damage    Failure   Level
 Airstrike                Air            17%        N/A       8%          4


Dungeon Overview and Level Annotations

Branches:
Dungeon (5/15)
 Temple: D:4-7

Shops:
D:3 [

Annotations:
D:4 exclusion: statue


Innate Abilities, Weirdness & Mutations

You have an increased reservoir of magic. (+10% MP)
You shall have no god before yourself.
Your divine heritage dramatically boosts your attributes as you level up.


Message History

The puff of flame misses you.
An orc comes into view. It is wielding a +0 hand axe.
The zap hits the orc!
You kill the orc!
The orc wizard casts a spell at you. The magic dart hits you.
The zap hits the orc wizard.
The orc wizard is heavily wounded.
The orc priest shouts!
The zap hits the orc wizard.
The orc wizard is heavily wounded.
The zap hits the orc wizard.
The orc wizard is severely wounded.
The orc wizard casts a spell.
The orc wizard flickers and vanishes!
Deactivating autopickup; reactivate with Ctrl-A.
The zap hits the orc.
The orc is severely wounded.
The zap hits the orc.
You kill the orc!
The zap hits the orc priest.
The orc priest is lightly wounded.
The orc priest invokes the aid of Beogh against you.
Beogh smites you!
* * * LOW HITPOINT WARNING * * *
Something hits you.
* * * LOW HITPOINT WARNING * * *
Unknown command.
You hear some strange, mumbled words.
Something tries to affect you, but you resist.
The orc priest invokes the aid of Beogh against you.
Beogh smites you!
* * * LOW HITPOINT WARNING * * *
A puff of flame appears from out of thin air!
The puff of flame hits you!
* * * LOW HITPOINT WARNING * * *
The orc priest looks satisfied for a moment.
A puff of flame appears from out of thin air!
The puff of flame hits you!
You die...

......+.....# #........#
......#.....# #........#
......#.....# #........#
......#.....# #........#
......#.....# #........#
......#.....# #........#
......#.....########........#
......###'##................#
...........#....@...........#
...........#................#
...........#................#
...........#................#
......##'###..........{.....#
......##...##+######..o.....#
................ #........#
.............>..
#........#####
................
#.......รท.....


You could see an orc priest.

Vanquished Creatures
  A black bear (D:5)
  3 orc priests
  A hound (D:5)
  A jelly (D:4)
  Terence (D:3)
  A hound zombie (D:4)
  7 adders
  A white imp (D:5)
  4 adder zombies (D:4)
  A worm (D:4)
  2 dart slugs
  13 orcs
  9 bats
  11 endoplasms
  2 giant cockroaches
  19 hobgoblins
  13 jackals
  4 quokkas
  10 ball pythons
  2 frilled lizards (D:3)
  11 goblins
  10 kobolds
  4 rats
131 creatures vanquished.

Notes
Turn   | Place    | Note
-------+----------+-------------------------------------------
     0 | D:1      | pkoi the Demigod Air Elementalist began the quest for the
                  | Orb.
     0 | D:1      | Reached XP level 1. HP: 14/14 MP: 5/5
   267 | D:1      | Reached skill level 3 in Air Magic
   832 | D:1      | Reached XP level 2. HP: 16/20 MP: 2/7
  1683 | D:1      | Reached XP level 3. HP: 26/26 MP: 3/8
  1740 | D:1      | Reached skill level 4 in Air Magic
  2152 | D:1      | You fall into a shaft and drop 1 floor!
  2570 | D:2      | Learned a level 3 spell: Swiftness
  2933 | D:2      | Reached XP level 4. HP: 32/33 MP: 6/9
  3894 | D:3      | Reached skill level 5 in Air Magic
  4241 | D:3      | Noticed Terence
  4246 | D:3      | Learned a level 2 spell: Static Discharge
  4256 | D:3      | Killed Terence
  4908 | D:3      | Reached XP level 5. HP: 24/38 MP: 5/10
  5062 | D:3      | Found Goulaumn's Antique Armour Boutique.
  6106 | D:4      | Reached skill level 6 in Air Magic
  6659 | D:4      | Noticed a balrug
  6845 | D:4      | Reached XP level 6. HP: 45/45 MP: 5/11
  7453 | D:5      | Entered Level 5 of the Dungeon
  7575 | D:5      | Reached skill level 1 in Fighting
  7575 | D:5      | Reached skill level 1 in Evocations
  8189 | D:5      | Killed from afar by an orc wizard

Illustrated notes

Levels and vault maps discovered:
D:1:      dpeg_arrival_morbid_curiosity, layout_basic,
          hellmonk_ecumenical_altar_blasted
D:2:      layout_loops_corners, basic_altar, minmay_tromino_i4
D:3:      layout_basic, nzn_wu_jian_council_hall, serial_shops,
          nicolae_shop_advertising_works [nicolae_subvault_shop_adworks],
          uniq_terence
D:4:      layout_rooms, makhleb_altar_promises_db, vehumet_statue,
          nicolae_yredelemnul_corpse_copse,
          nicolae_overflow_hallway_of_the_gods, sigmund_army
D:5:      layout_gridville

Skill      XL: |  1  2  3  4  5  6 |
---------------+-------------------+-----
Air Magic      | 3 4 5 6 |  6.5
Dodging        | 2 |  2.3
Fighting       | 1 |  1.2
Spellcasting   | 2 |  2.2
Evocations     | 1 |  1.2
Stealth        | |  1.7
Conjurations   | |  0.8

Action                   |  1- 3 |  4- 6 || total
-------------------------+-------+-------++-------
Melee: Unarmed           |    37 |       ||    37
       Short sword       |    20 |       ||    20
       Dagger            |     4 |    53 ||    57
 Cast: Shock             |   101 |   173 ||   274
  Use: Scroll            |       |     6 ||     6
 Stab: Sleeping          |     1 |     2 ||     3
Armor: Robe              |    10 |    17 ||    27
Dodge: Dodged            |    52 |    59 ||   111
